 Dungeon Crawl Stone Soup version 0.29.0-4-gdea44cf6ec (webtiles) character file.

Game seed: 10783486099638104972

588 Destructed3 the Trooper (level 7, -8/56 HPs)
             Began as a Mummy Fighter on Aug 27, 2022.
             Was an Elder of Jiyva.
             Mangled by a two-headed ogre
             ... wielding a +0 giant club
              (13 damage)
             ... on level 6 of the Dungeon.
             The game lasted 00:09:19 (3718 turns).

Destructed3 the Trooper (Mummy Fighter)             Turns: 3718, Time: 00:09:19

Health: -8/56      AC: 15    Str: 22    XL:     7   Next: 15%
Magic:  7/7        EV:  6    Int:  7    God:    Jiyva [****..]
Gold:   188        SH:  4    Dex: 11    Spells: 6/6 levels left

rFire   x . .      SeeInvis +   a - +3 war axe
rCold   + . .      Faith    .   c - +0 buckler
rNeg    + + +      Spirit   .   d - +1 plate armour
rPois   ∞          Reflect  .   (no helmet)
rElec   .          Harm     .   p - +0 cloak
rCorr   +          Rampage  .   e - +0 pair of gloves
Will    .....                   (no boots)
Stlth   ..........              l - amulet of the acrobat
HPRegen 1.46/turn               g - ring of see invisible
MPRegen 0.50/turn               (no ring)

@: no status effects
A: cold resistance 1, negative energy resistance 3, torment resistance 2, heat
vulnerability 1, in touch with death 1, no potions
a: Renounce Religion, Oozemancy, Slimify


You were on level 6 of the Dungeon.
You worshipped Jiyva.
Jiyva was greatly pleased with you.
You visited 1 branch of the dungeon, and saw 6 of its levels.

You collected 188 gold pieces.

Inventory:

Hand Weapons
 a - a +3 war axe (weapon)
 o - a +5 flail of draining
Armour
 c - a +0 buckler (worn)
 d - a +1 plate armour (worn)
 e - a +0 pair of gloves (worn)
 p - a +0 cloak (worn)
Magical Staves
 b - a staff of poison
Jewellery
 g - a ring of see invisible (left hand)
 l - an amulet of the acrobat (around neck)
Wands
 n - a wand of digging (2)
Scrolls
 f - 3 scrolls of identify
 h - a scroll of butterflies
 i - 3 scrolls of fear {unknown}
 j - a scroll of summoning {unknown}
 k - a scroll of magic mapping {unknown}
 m - a scroll of immolation {unknown}


   Skills:
 * Level 5.3 Fighting
 + Level 3.0 Axes
 * Level 4.3 Armour
 + Level 3.5 Shields


You had 6 spell levels left.
You didn't know any spells.
Your spell library contained the following spells:

 Spells                   Type           Power      Damage    Failure   Level
 Shock                    Conj/Air       0%         1d3       100%        1
 Blink                    Tloc           0%         N/A       100%        2
 Swiftness                Air            0%         N/A       100%        3
 Airstrike                Air            0%         2d(0-16)  100%        4
 Hailstorm                Conj/Ice       0%         3d3       100%        4
 Manifold Assault         Tloc           0%         N/A       100%        5
 Simulacrum               Ice/Necr       0%         N/A       100%        6
 Ice Form                 Ice/Tmut       Unusable   N/A       N/A         4
 Storm Form               Tmut/Air       Unusable   N/A       N/A         7

Dungeon Overview and Level Annotations

Branches:
Dungeon (6/15)
 Temple: D:4-7

Altars:
Okawaru
Uskayaw
Xom
Jiyva

Shops:
D:3 ([!


Innate Abilities, Weirdness & Mutations

You are immune to poison.
Your flesh is cold resistant. (rC+)
You are immune to negative energy. (rN+++)
You are immune to unholy pain and torment.
You are vulnerable to heat. (rF-)
You are in touch with the powers of death.
You do not drink.


Message History

The centaur hits you but does no damage.
The centaur closely misses you.
You barely miss the centaur.
The centaur is heavily wounded.
The centaur hits you. The centaur completely misses you.
The centaur hits you but does no damage.
The centaur kicks you but does no damage.
You barely miss the centaur.
The centaur is heavily wounded.
You block the centaur's attack.
The centaur kicks you but does no damage.
The centaur hits you.
The centaur kicks you but does no damage.
You barely miss the centaur.
The centaur is heavily wounded.
The centaur hits you but does no damage.
The centaur kicks you but does no damage.
You hear a distant slurping noise.
You block the centaur's attack.
The centaur kicks you but does no damage.
The two-headed ogre hits you but does no damage.
The two-headed ogre hits you with a +0 giant club!
You slash the centaur!
You kill the centaur!
You hit the two-headed ogre.
The two-headed ogre hits you with a +0 giant club!
The two-headed ogre hits you but does no damage.
Your Axes skill increases to level 3!
Things that are here:
a +0 shortbow; a centaur corpse You block the two-headed ogre's attack.
The two-headed ogre closely misses you.
You hit the two-headed ogre.
The two-headed ogre is lightly wounded.
The two-headed ogre hits you with a +0 giant club!
The two-headed ogre hits you with a +0 giant club!!
* * * LOW HITPOINT WARNING * * *
You slash the two-headed ogre!
The two-headed ogre is moderately wounded.
The two-headed ogre hits you with a +0 giant club!
You die...

#.......... ###'###....
#.....#..## #.....#..#.
######## #.....#..#.
#......# #.....#..#.
#......# #.....#..#.
#...)..# #.....#..#.
#...@..####.....#..#.
#...O......#######'#.
..............#...#.....
..............+...'.....
..............#+###.....
....####................
.... #................
... #................
#................


You could see a two-headed ogre.

Vanquished Creatures
  Edmund (D:6)
  A centaur (D:6)
  A necrophage (D:6)
  4 hounds
  3 iguanas
  A gnoll (D:4)
  6 adders
  2 white imps (D:6)
  4 ufetubi
  2 worms (D:2)
  2 dart slugs
  2 orcs (D:5)
  5 bats
  2 endoplasms (D:1)
  3 giant cockroaches
  4 goblins
  2 hobgoblins
  2 quokkas
  6 ball pythons
  5 frilled lizards
  7 kobolds
  6 rats
71 creatures vanquished.

Vanquished Creatures (others)
  A black bear (D:4)
  2 jellies
  An orc wizard (D:6)
  2 gnolls (D:4)
  2 adders
  2 orcs (D:6)
  2 hobgoblins (D:2)
  A quokka (D:4)
  2 ball pythons
  2 bats
  A rat (D:2)
  21 fungi (D:5)
39 creatures vanquished.

Grand Total: 110 creatures vanquished

Notes
Turn   | Place    | Note
-------+----------+-------------------------------------------
     0 | D:1      | Destructed3 the Mummy Fighter began the quest for the Orb.
     0 | D:1      | Reached XP level 1. HP: 18/18 MP: 1/1
    86 | D:1      | Reached XP level 2. HP: 23/24 MP: 2/2
   698 | D:2      | Found a faded altar of an unknown god.
   707 | D:2      | Prayed at the altar of an unknown god.
   707 | D:2      | Became a worshipper of Jiyva Juto the Shapeless
   707 | D:2      | Reached * piety under Jiyva
   765 | D:2      | Gained mutation: You are in touch with the powers of death.
                  | [Mummy growth]
   765 | D:2      | Reached XP level 3. HP: 29/29 MP: 3/3
  1033 | D:2      | Reached ** piety under Jiyva
  1525 | D:3      | Found Jaugita's Antique Weapon Shop.
  1550 | D:3      | Found Qol Vet's Armour Boutique.
  1617 | D:3      | Found a large runed translucent door.
  1617 | D:3      | Found a large runed translucent door.
  1623 | D:3      | Found Lomal's Distillery.
  1643 | D:3      | Found a shimmering altar of Xom.
  1997 | D:4      | Killed a black bear
  2098 | D:4      | Reached *** piety under Jiyva
  2116 | D:4      | Reached XP level 4. HP: 37/37 MP: 4/4
  2185 | D:4      | Reached skill level 4 in Fighting
  2231 | D:4      | Reached XP level 5. HP: 42/42 MP: 5/5
  2231 | D:4      | Found an iron altar of Okawaru.
  2655 | D:5      | Entered Level 5 of the Dungeon
  2711 | D:5      | Found a hide-covered altar of Uskayaw.
  2847 | D:5      | Reached **** piety under Jiyva
  3167 | D:5      | Reached XP level 6. HP: 49/49 MP: 6/6
  3496 | D:6      | Noticed Edmund
  3522 | D:6      | Killed Edmund
  3523 | D:6      | Reached skill level 5 in Fighting
  3704 | D:6      | Reached XP level 7. HP: 47/56 MP: 7/7
  3709 | D:6      | Noticed a two-headed ogre
  3718 | D:6      | Mangled by a two-headed ogre

Illustrated notes

Levels and vault maps discovered:
D:1:      psy_arrival_radial01, layout_basic
D:2:      layout_loops_corners, shapermc_ecumenical_altar_acropolis
D:3:      due_chaos_kobolds, layout_rooms, serial_shops,
          nicolae_shop_competitors_out_of_business, shop, shop
D:4:      layout_loops_ring, mainiacjoe_overflow_six_doors_small
D:5:      layout_cave_pods, mainiacjoe_overflow_cross_hatched,
          mainiacjoe_overflow_concentric_impassable
D:6:      layout_gridville, uniq_edmund

Skill      XL: |  1  2  3  4  5  6  7 |
---------------+----------------------+-----
Axes           | 2 3 |  3.0
Armour         | 3 4 |  4.3
Fighting       | 4 5 |  5.3
Shields        | 3 |  3.5

Action                   |  1- 3 |  4- 6 |  7- 9 || total
-------------------------+-------+-------+-------++-------
Melee: War axe           |   136 |   122 |     8 ||   266
Invok: Oozemancy         |       |     1 |       ||     1
  Use: Scroll            |     2 |     6 |       ||     8
Armor: Plate armour      |   129 |   108 |    11 ||   248
       Scale mail        |     2 |       |       ||     2
Dodge: Dodged            |    44 |    46 |    11 ||   101
Block: Buckler           |    42 |    42 |     3 ||    87
